 Dungeon Sprint DCSS version 0.20.1-1-g8b1a95d (webtiles) character file.

159687 equalderp2856 the Minotaur Barricade (level 16, -2/182 HPs)
             Began as a Minotaur Fighter on Sept 4, 2017.
             Succumbed to a swamp dragon's poison gas
             ... in the Dungeon (Sprint IX: "|||||||||||||||||||||||||||||").
             The game lasted 00:24:17 (12562 turns).

equalderp2856 the Minotaur Barricade (MiFi)        Turns: 12562, Time: 00:24:17

Health: -2/182     AC: 33    Str: 22    XL:     16   Next: 16%
Magic:  15/15      EV: 15    Int:  9    God:
Gold:   1911       SH: 27    Dex: 15    Spells: 15/15 levels left

rFire    . . .     SeeInvis .   k - +3 trident (venom)
rCold    . . .     Gourm    .   L - +1 large shield
rNeg     . . .     Faith    .   T - +2 storm dragon scales
rPois    .         Spirit   .   Q - +1 hat
rElec    +         Reflect  .   R - +1 cloak
rCorr    .         Harm     .   S - +1 pair of gloves
MR       +....     NoTele   +   s - +0 pair of boots
Stlth    +.........             (no amulet)
Regen    0.4/turn               p - +2 ring of protection
MPRegen  0.2/turn               q - +3 ring of dexterity

@: lethally poisoned (-2 -> -52)
A: retaliatory headbutt, horns 2
}: 3/15 runes: serpentine, barnacled, gossamer
a: no special abilities


You were in the Dungeon.
You were hungry.

You visited 1 branch You collected 1911 gold pieces.

Inventory:

Hand Weapons
 a - a +0 war axe
 h - a +2 dire flail of crushing
 k - a +3 trident of venom (weapon)
 u - a +3 war axe of chopping
 C - a +1 mace of crushing
 I - a +2 war axe of electrocution
 P - a +7 broad axe
Armour
 b - a +0 scale mail
 c - a +0 shield
 r - a +2 ring mail
 s - a +0 pair of boots (worn)
 t - a +0 cloak
 v - a +0 chain mail
 G - a +0 pair of boots
 H - a +0 pair of gloves
 L - a +1 large shield (worn)
 O - a +0 plate armour
 Q - a +1 hat (worn)
 R - a +1 cloak (worn)
 S - a +1 pair of gloves (worn)
 T - +2 storm dragon scales (worn)
Jewellery
 e - an uncursed ring of positive energy
 g - a +6 ring of strength
 l - an uncursed ring of wizardry
 p - a +2 ring of protection (left hand)
 q - a +3 ring of dexterity (right hand)
 z - a +6 ring of intelligence
 J - an uncursed ring of stealth
 K - an uncursed ring of fire
 N - a +4 ring of evasion
Wands
 o - a wand of iceblast (7/15)
Scrolls
 m - 3 scrolls of remove curse
 n - 2 scrolls of amnesia
 y - 3 scrolls of recharging
 A - 3 scrolls of fear
 B - 6 scrolls of fog
 D - a scroll of magic mapping
 X - 5 scrolls of identify
Potions
 i - 5 potions of magic
 j - a potion of berserk rage
 w - a potion of agility
 M - a potion of brilliance
 U - a potion of might
Books
 x - a book of Changes

   Spells                             Type                      Level
   a - Beastly Appendage              Transmutation                1
   b - Sticks to Snakes               Transmutation                2
   c - Spider Form                    Transmutation/Poison         3
   d - Ice Form                       Ice/Transmutation            4
   e - Blade Hands                    Transmutation                5
Comestibles
 d - 40 fruits
 f - 8 bread rations
 F - 11 meat rations


   Skills:
 + Level 26.9 Fighting
 + Level 26.6(27) Axes
 + Level 7.5(19.5) Maces & Flails
 + Level 6.3(19.2) Polearms
 + Level 22.5 Armour
 + Level 11.0 Dodging
 + Level 7.3 Stealth
 O Level 27 Shields


You had 15 spell levels left.
You didn't know any spells.

Dungeon Overview and Level Annotations

Branches:
Dungeon (1/1)

Altars:
Cheibriados
Dithmenos
Elyvilon
Fedhas
Gozag
Hepliaklqana
Kikubaaqudgha
Makhleb
Nemelex Xobeh
Okawaru
Qazlal
Ru
Sif Muna
Trog
Uskayaw
Vehumet
Xom
Yredelemnul
Zin
The Shining One
Beogh
Jiyva
Lugonu

Shops:
D ?![(


Innate Abilities, Weirdness & Mutations

You reflexively headbutt those who attack you in melee.
You have a pair of horns on your head.


Message History

* * * LOW HITPOINT WARNING * * *
You feel very sick.
Unknown command.
You feel magically purged.
* * * LOW HITPOINT WARNING * * *
You feel extremely sick.
Unknown command.
Okay, then.
* * * LOW HITPOINT WARNING * * *
You feel very sick.
Unknown command.
* * * LOW HITPOINT WARNING * * *
You feel very sick.
Unknown command.
* * * LOW HITPOINT WARNING * * *
You feel very sick.
You kill the swamp dragon!
Your base Polearms skill increases to level 6!
Unknown command.
You die...

▓▓▓▓▓▓▓▓▓▓▓▓▓▓▓▓▓▓▓▓▓▓▓▓▓▓▓▓♣♣♣♣♣
'.............')@)DDD.vD...DDvD§k
▓▓▓▓▓▓▓▓▓▓▓▓▓▓▓▓▓▓▓▓▓▓▓▓▓▓▓▓♣♣♣♣♣
.†...............................
▓▓▓▓▓▓▓▓▓▓▓▓▓▓▓▓▓▓▓▓▓▓▓▓▓▓▓▓▓▓▓▓▓
.)).))).....[..[...!..!!.........
▓▓▓▓▓▓▓▓▓▓▓▓▓▓▓▓▓▓▓▓▓▓▓▓▓▓▓▓▓▓▓▓▓
.................)...............
▓▓▓▓▓▓▓▓▓▓▓▓▓▓▓▓▓▓▓▓▓▓▓▓▓▓▓▓▓▓▓▓▓
.).[.(..(((((.)'(.....))).)).....


You could see an eight-headed hydra, a seven-headed hydra, a five-headed hydra,
a swamp dragon and an insubstantial wisp.

Vanquished Creatures
  A greater mummy (D)
  A curse toe (D)
  Saint Roka (D)
  Rupert (D)
  A lich (D)
  2 Orb Guardians (D)
  A deep elf blademaster (D)
  A sphinx (D)
  A tengu reaver (D)
  6 nagarajas (D)
  Ilsuiw (D)
  Louise (D)
  A fire giant (D)
  3 vault wardens (D)
  A frost giant (D)
  A ghost moth (D)
  4 emperor scorpions (D)
  4 stone giants (D)
  3 very ugly things (D)
  2 entropy weavers (D)
  A spark wasp (D)
  7 merfolk javelineers (D)
  An ettin (D)
  2 merfolk impalers (D)
  2 yaktaur captains (D)
  A great orb of eyes (D)
  2 ice dragons (D)
  2 rakshasas (D)
  4 naga warriors (D)
  A spriggan air mage (D)
  6 hydras (D)
  A vault guard (D)
  4 merfolk aquamancers (D)
  A ghost crab (D)
  A centaur warrior (D)
  Erica (D)
  2 tengu warriors (D)
  4 ogre magi (D)
  A two-headed ogre (D)
  3 naga sharpshooters (D)
  3 deep trolls (D)
  A hell knight (D)
  A skeletal warrior (D)
  A naga ritualist (D)
  2 ironbrand convokers (D)
  2 necromancers (D)
  2 orc knights (D)
  2 swamp dragons (D)
  A harpy (D)
  An oklob plant (D)
  A mana viper (D)
  4 wolf spiders (D)
  A manticore (D)
  2 orc sorcerers (D)
  An ugly thing (D)
  2 cyclopes (D)
  A moth of wrath (D)
  2 vault sentinels (D)
  2 black mambas (D)
  4 spiny frogs (D)
  2 guardian serpents (D)
  2 naga magi (D)
  A gargoyle (D)
  3 komodo dragons (D)
  2 yaktaurs (D)
  A demonic crawler (D)
  2 tengu conjurers (D)
  2 guardian mummies (D)
  A merfolk (D)
  7 trolls (D)
  A tyrant leech (D)
  4 jumping spiders (D)
  A hornet (D)
  A slime creature (D)
  A blink frog (shapeshifter) (D)
  A bog body (D)
  A blink frog (D)
  A wind drake (D)
  A snapping turtle (D)
  A spriggan (D)
  5 redbacks (D)
  A water elemental (D)
  Eustachio (D)
  5 vampire mosquitoes (D)
  An insubstantial wisp (D)
  A swamp worm (shapeshifter) (D)
  A naga (D)
  3 porcupines (D)
  2 water moccasins (D)
  13 orc warriors (D)
  An ice beast (shapeshifter) (D)
  An eye of draining (D)
  A wolf (D)
  An ogre (D)
  A tengu (shapeshifter) (D)
  A crocodile (shapeshifter) (D)
  A big kobold (D)
  A centaur (D)
  2 crocodiles (D)
  10 bullfrogs (D)
  A crimson imp (D)
  2 orc priests (D)
  4 orc wizards (D)
  An adder (D)
  A worm (D)
  A dart slug (D)
  A leopard gecko (D)
  12 orcs (D)
  A bat (D)
  2 giant cockroaches (D)
  A bat simulacrum (D)
  A frilled lizard (D)
  A quokka zombie (D)
238 creatures vanquished.

Vanquished Creatures (others)
  A merfolk aquamancer (D)
  A spriggan druid (D)
  A tyrant leech (D)
  An adder zombie (D)
4 creatures vanquished.

Grand Total: 242 creatures vanquished

Notes
Turn   | Place    | Note
-------+----------+-------------------------------------------
     0 | D        | equalderp2856 the Minotaur Fighter began the quest for the Orb.
     0 | D        | Reached XP level 1. HP: 19/19 MP: 0/0
     9 | D        | Reached skill level 4 in Shields
    22 | D        | Noticed an ogre
    24 | D        | Reached XP level 2. HP: 28/28 MP: 1/1
    36 | D        | Reached skill level 5 in Fighting
    36 | D        | Reached skill level 5 in Shields
    39 | D        | Killed an ogre
    39 | D        | Reached skill level 5 in Axes
    39 | D        | Reached skill level 6 in Shields
    39 | D        | Reached XP level 3. HP: 25/38 MP: 2/2
    39 | D        | Reached XP level 4. HP: 30/45 MP: 3/3
    46 | D        | Found a roughly hewn altar of Beogh.
    46 | D        | Found a snail-covered altar of Cheibriados.
    46 | D        | Found a shadowy altar of Dithmenos.
    46 | D        | Found a white marble altar of Elyvilon.
    46 | D        | Found a blossoming altar of Fedhas.
    46 | D        | Found an opulent altar of Gozag.
    47 | D        | Found a hazy altar of Hepliaklqana.
    48 | D        | Found a viscous altar of Jiyva.
    49 | D        | Found an ancient bone altar of Kikubaaqudgha.
    50 | D        | Found a corrupted altar of Lugonu.
    51 | D        | Found a burning altar of Makhleb.
    52 | D        | Found a sparkling altar of Nemelex Xobeh.
   117 | D        | Found an iron altar of Okawaru.
   118 | D        | Found a stormy altar of Qazlal.
   119 | D        | Found a sacrificial altar of Ru.
   120 | D        | Found a deep blue altar of Sif Muna.
   121 | D        | Found a bloodstained altar of Trog.
   122 | D        | Found a hide-covered altar of Uskayaw.
   123 | D        | Found a radiant altar of Vehumet.
   125 | D        | Found a shimmering altar of Xom.
   126 | D        | Found a basalt altar of Yredelemnul.
   127 | D        | Found a glowing silver altar of Zin.
   128 | D        | Found a glowing golden altar of the Shining One.
   195 | D        | Noticed a troll
   195 | D        | Noticed a big kobold
   195 | D        | Noticed a gargoyle
   195 | D        | Noticed an orc warrior
   195 | D        | Noticed an eye of draining
   201 | D        | Killed a troll
   201 | D        | Reached skill level 8 in Shields
   201 | D        | Reached XP level 5. HP: 26/57 MP: 0/4
   201 | D        | Reached XP level 6. HP: 29/63 MP: 0/5
   207 | D        | Reached skill level 1 in Dodging
   207 | D        | Reached skill level 9 in Shields
   215 | D        | Killed a gargoyle
   215 | D        | Reached skill level 10 in Fighting
   215 | D        | Reached skill level 10 in Shields
   215 | D        | Reached XP level 7. HP: 48/73 MP: 0/6
   219 | D        | Reached skill level 10 in Axes
   335 | D        | Noticed a tengu conjurer
   335 | D        | Noticed a two-headed ogre
   343 | D        | Reached skill level 10 in Armour
   347 | D        | Killed a tengu conjurer
   347 | D        | Reached XP level 8. HP: 65/82 MP: 7/7
   351 | D        | Killed a two-headed ogre
   351 | D        | Reached skill level 1 in Stealth
   351 | D        | Reached skill level 11 in Shields
   527 | D        | Noticed a blink frog
   527 | D        | Noticed a spiny frog
   534 | D        | Killed a blink frog
   534 | D        | Reached XP level 9. HP: 92/92 MP: 8/8
   541 | D        | Noticed a komodo dragon
   547 | D        | Killed a spiny frog
   547 | D        | Reached skill level 5 in Dodging
   565 | D        | Killed a komodo dragon
   565 | D        | Reached skill level 15 in Axes
   565 | D        | Reached skill level 12 in Shields
   575 | D        | Noticed an eight-headed hydra
   575 | D        | Noticed a spiny frog
   575 | D        | Noticed a komodo dragon
   773 | D        | Killed a nine-headed hydra
   773 | D        | Reached XP level 10. HP: 85/102 MP: 9/9
   776 | D        | Killed a spiny frog
  1086 | D        | Reached skill level 13 in Shields
  1169 | D        | Noticed an oklob plant
  1191 | D        | Killed an oklob plant
  1339 | D        | Reached skill level 5 in Maces & Flails
  1462 | D        | Noticed a spiny frog
  1467 | D        | Killed a spiny frog
  1742 | D        | Noticed Eustachio
  1751 | D        | Killed Eustachio
  1797 | D        | Reached skill level 14 in Shields
  1867 | D        | Noticed an orc sorcerer
  1869 | D        | Noticed an orc sorcerer
  1870 | D        | Noticed an orc knight
  1874 | D        | Noticed a sun demon
  1895 | D        | Paralysed by an orc sorcerer for 7 turns
  1903 | D        | Noticed a rust devil
  1905 | D        | Killed an orc sorcerer
  1912 | D        | Killed an orc sorcerer
  1912 | D        | Reached XP level 11. HP: 60/111 MP: 10/10
  1982 | D        | Killed an orc knight
  1982 | D        | Reached skill level 15 in Fighting
  2245 | D        | Found Vekix's Magic Scroll Emporium.
  2245 | D        | Noticed a deep troll
  2245 | D        | Noticed an ogre mage
  2245 | D        | Noticed a deep troll
  2245 | D        | Noticed a deep troll
  2248 | D        | Noticed a stone giant
  2251 | D        | Killed a deep troll
  2258 | D        | Killed an ogre mage
  2258 | D        | Reached skill level 15 in Shields
  2260 | D        | Killed a deep troll
  2261 | D        | Found Cawededi's Distillery.
  2274 | D        | Killed a stone giant
  2382 | D        | Killed a deep troll
  2773 | D        | Found Voysy's Armour Emporium.
  2776 | D        | Found Pepis's Weapon Shoppe.
  2777 | D        | Noticed a stone giant
  2782 | D        | Noticed an ogre mage
  2790 | D        | Killed a stone giant
  2790 | D        | Reached skill level 16 in Shields
  2809 | D        | Killed an ogre mage
  2993 | D        | Noticed Erica
  3014 | D        | Killed Erica
  3014 | D        | Reached XP level 12. HP: 115/125 MP: 11/11
  3487 | D        | Noticed a tengu warrior
  3494 | D        | Noticed a stone giant
  3509 | D        | Noticed a spark wasp
  3509 | D        | Killed a stone giant
  3509 | D        | Reached skill level 15 in Armour
  3509 | D        | Reached skill level 17 in Shields
  3533 | D        | Killed a tengu warrior
  3559 | D        | Killed a spark wasp
  3844 | D        | Noticed a fire giant
  3856 | D        | Killed a fire giant
  3856 | D        | Reached skill level 18 in Shields
  4142 | D        | Noticed an entropy weaver
  4177 | D        | Killed an entropy weaver
  4294 | D        | Noticed an entropy weaver
  4305 | D        | Killed an entropy weaver
  4305 | D        | Reached skill level 19 in Shields
  4357 | D        | Noticed a merfolk aquamancer
  4366 | D        | Killed a merfolk aquamancer
  4367 | D        | Noticed a merfolk impaler
  4407 | D        | Killed a merfolk impaler
  4407 | D        | Reached XP level 13. HP: 111/136 MP: 12/12
  4999 | D        | Reached skill level 20 in Shields
  5073 | D        | Reached skill level 21 in Shields
  5681 | D        | Reached skill level 1 in Polearms
  5922 | D        | Noticed Saint Roka
  5949 | D        | Killed Saint Roka
  5949 | D        | Reached skill level 22 in Shields
  6084 | D        | Noticed a purple very ugly thing
  6084 | D        | Noticed a lich
  6084 | D        | Noticed a frost giant
  6085 | D        | Noticed a stone giant
  6103 | D        | Noticed a balrug
  6104 | D        | Noticed a balrug
  6147 | D        | Noticed a reaper
  6428 | D        | Killed a purple very ugly thing
  6428 | D        | Reached skill level 5 in Stealth
  6645 | D        | Noticed a Hell Sentinel
  6647 | D        | Killed a lich
  7101 | D        | Killed a frost giant
  7109 | D        | Killed a stone giant
  7456 | D        | Reached skill level 23 in Shields
  7502 | D        | Reached XP level 14. HP: 141/147 MP: 13/13
  7519 | D        | Noticed a green very ugly thing
  7520 | D        | Noticed a purple very ugly thing
  7532 | D        | Killed a green very ugly thing
  7536 | D        | Killed a purple very ugly thing
  8048 | D        | Noticed a greater mummy
  8051 | D        | Noticed an emperor scorpion
  8051 | D        | Noticed an emperor scorpion
  8051 | D        | Noticed an emperor scorpion
  8053 | D        | Noticed an emperor scorpion
  8056 | D        | Noticed an emperor scorpion
  8295 | D        | Killed a greater mummy
  8295 | D        | Reached skill level 24 in Shields
  8490 | D        | Noticed a sphinx
  8490 | D        | Noticed a deep elf blademaster
  8490 | D        | Noticed an Orb Guardian
  8490 | D        | Noticed an Orb Guardian
  8506 | D        | Killed an Orb Guardian
  8519 | D        | Killed a deep elf blademaster
  8519 | D        | Reached skill level 25 in Shields
  8528 | D        | Killed an Orb Guardian
  8529 | D        | Noticed a curse toe
  8529 | D        | Noticed Louise
  8540 | D        | Killed Louise
  8555 | D        | HP: 1/151 [deathcap[a curse toe] (16)]
  8556 | D        | Killed a sphinx
  8560 | D        | HP: 2/151 [poisoned by Louise (sting)]
  8568 | D        | HP: 3/151 [??? (1)]
  9031 | D        | Killed a curse toe
  9031 | D        | Reached skill level 26 in Shields
  9643 | D        | Reached XP level 15. HP: 157/160 MP: 14/14
  9654 | D        | Noticed a vault warden
  9668 | D        | Killed a vault warden
  9737 | D        | Noticed a vault warden
  9744 | D        | Noticed a tengu reaver
  9760 | D        | Killed a vault warden
  9766 | D        | Noticed a vault warden
  9772 | D        | Killed a tengu reaver
  9772 | D        | Reached skill level 27 in Shields
  9783 | D        | Killed a vault warden
  9914 | D        | Noticed Rupert
  9939 | D        | Killed Rupert
 10564 | D        | Noticed Ilsuiw
 10609 | D        | Killed Ilsuiw
 10945 | D        | Got a barnacled rune of Zot
 10978 | D        | Killed a ghost moth
 11063 | D        | Got a gossamer rune of Zot
 11390 | D        | Noticed a nagaraja
 11390 | D        | Noticed a nagaraja
 11404 | D        | Noticed a nagaraja
 11408 | D        | Noticed a nagaraja
 11414 | D        | Killed a nagaraja
 11414 | D        | Reached skill level 10 in Dodging
 11418 | D        | Noticed a nagaraja
 11419 | D        | Killed a nagaraja
 11423 | D        | Noticed a nagaraja
 11948 | D        | Killed a nagaraja
 11965 | D        | Killed a nagaraja
 12063 | D        | Killed a nagaraja
 12063 | D        | Reached XP level 16. HP: 86/180 MP: 15/15
 12495 | D        | Got a serpentine rune of Zot
 12520 | D        | Reached skill level 5 in Polearms
 12556 | D        | HP: 9/182 [poisoned by a swamp dragon (poison gas)]
 12561 | D        | HP: 3/182 [poisoned by a swamp dragon (poison gas)]
 12562 | D        | Succumbed to a swamp dragon's poison gas

Skill      XL: |  1  2  3  4  5  6  7  8  9 10 11 12 13 14 15 16 |
---------------+-------------------------------------------------+-----
Fighting       | 4 6 9 10 11 12 13 14 17 18 19 22 26 | 26.9
Armour         | 4 6 8 9 10 11 12 14 17 18 20 22 | 22.5
Shields        | 4 6 8 10 11 12 14 16 19 23 26 27 | 27.0
Axes           | 3 5 7 9 11 13 15 17 18 19 20 22 26 | 26.6
Dodging        | 2 3 4 5 6 7 8 10 11 | 11.0
Stealth        | 1 2 3 7 |  7.3
Maces & Flails | 2 7 |  7.5
Polearms       | 4 6 |  6.3

Action                   |  1- 3 |  4- 6 |  7- 9 | 10-12 | 13-15 | 16-18 || total
-------------------------+-------+-------+-------+-------+-------+-------++-------
Melee: War axe           |    29 |    18 |    67 |   427 |   566 |       ||  1107
       Headbutt          |     7 |     6 |    19 |    96 |   197 |    16 ||   341
       Mace              |       |       |    18 |     2 |       |       ||    20
       Trident           |       |       |       |       |     9 |    32 ||    41
       Broad axe         |       |       |       |       |   218 |    18 ||   236
  Use: Potion            |       |     2 |     3 |     4 |    10 |     2 ||    21
       Scroll            |       |       |       |     2 |       |     1 ||     3
 Stab: Distracted        |       |       |       |     1 |       |       ||     1
       Invisible         |       |       |       |       |     7 |       ||     7
  Eat: Chunk             |       |       |       |     6 |     2 |       ||     8
       Bread ration      |       |       |       |     1 |     4 |       ||     5
       Royal jelly       |       |       |       |       |     1 |       ||     1
       Meat ration       |       |       |       |       |     1 |       ||     1
Armor: Scale mail        |    11 |       |       |       |       |       ||    11
       Ring mail         |       |     5 |       |       |       |       ||     5
       Chain mail        |       |       |    28 |    40 |       |       ||    68
       Plate armour      |       |       |       |    44 |   101 |       ||   145
       Storm dragon scal |       |       |       |       |    73 |    33 ||   106
Dodge: Dodged            |     6 |    11 |    25 |    54 |   128 |    22 ||   246
Block: Shield            |    12 |     6 |    44 |   115 |       |       ||   177
       Large shield      |       |       |       |   152 |   657 |    63 ||   872
